 Dungeon Crawl Stone Soup version 0.27-a0-1277-g3808f8b1c9 (webtiles) character file.

Game seed: 11828623140839364226

42 Conn the Magician (level 3, -1/19 HPs)
             Began as a Deep Elf Hedge Wizard on June 12, 2021.
             Killed from afar by Sigmund (7 damage)
             ... with a magic dart
             ... on level 2 of the Dungeon.
             The game lasted 00:06:56 (1528 turns).

Conn the Magician (Deep Elf Hedge Wizard)           Turns: 1528, Time: 00:06:57

Health: -1/19      AC:  3    Str: 13    XL:     3   Next: 35%
Magic:  5/12       EV: 12    Int: 19    God:
Gold:   57         SH:  0    Dex: 12    Spells: 0/13 levels left

rFire    . . .     SeeInvis .   j - +2 dagger (venom)
rCold    . . .     Faith    .   (no shield)
rNeg     . . .     Spirit   .   b - +0 robe
rPois    .         Reflect  .   c - +0 hat
rElec    .         Harm     .   (no cloak)
rCorr    .         Rampage  .   (no gloves)
Will     .....                  i - +0 pair of boots
Stlth    ++........             (no amulet)
HPRegen  0.06/turn              k - +6 ring of strength
MPRegen  0.13/turn              (no ring)

@: no status effects
A: clumsy 1, mutation resistance 1, wild magic 1
a: no special abilities


You were on level 2 of the Dungeon.
You visited 1 branch of the dungeon, and saw 2 of its levels.

You collected 57 gold pieces.

Inventory:

Hand Weapons
 j - a +2 dagger of venom (weapon)
Missiles
 e - 8 poisoned darts (quivered)
 g - 8 sling bullets
Armour
 b - a +0 robe (worn)
 c - a +0 hat (worn)
 i - a +0 pair of boots (worn)
Jewellery
 k - a +6 ring of strength (left hand)
Scrolls
 d - a scroll of fog {unknown}
 f - 2 scrolls of teleportation {unknown}
 h - 3 scrolls of identify {unknown}
Potions
 a - a potion of mutation


   Skills:
 + Level 2.6 Dodging
 + Level 2.7 Stealth
 * Level 5.7 Spellcasting
 * Level 1.1 Conjurations
 * Level 1.1 Summonings
 * Level 1.3 Translocations
 * Level 0.4 Air Magic


You couldn't memorise any spells.
You knew the following spells:

 Your Spells              Type           Power      Damage    Failure   Level
a - Magic Dart            Conj           48%        1d5       11%         1
b - Blink                 Tloc           N/A        N/A       14%         2
c - Call Imp              Summ           12%        N/A       16%         2
d - Slow                  Hex            7%         N/A       24%         2
e - Conjure Flame         Conj/Fire      10%        6-21      34%         3
f - Mephitic Cloud        Conj/Pois/Air  9%         N/A       34%         3

Your spell library contained the following spells:

 Spells                   Type           Power      Damage    Failure   Level
 Freeze                   Ice            28%        1d5       17%         1
 Frozen Ramparts          Ice            14%        1d3       43%         3
 Ozocubu's Armour         Ice            7%         N/A       43%         3
 Hailstorm                Conj/Ice       9%         3d4       73%         4
 Metabolic Englaciation   Hex/Ice        3%         N/A       98%         5


Dungeon Overview and Level Annotations

Branches:
Dungeon (2/15)

Altars:

Annotations:
D:2 Robin, Sigmund


Innate Abilities, Weirdness & Mutations

You are clumsy. (Dex -2)
You are somewhat resistant to further mutation.
Your spells are a little harder to cast, but a little more powerful.


Message History

What are your orders? t - Shout!
Orders for allies: a - Attack new target. r - Retreat! s - Stop attacking. g - Guard the area. f - Follow me.
Anything else - Cancel.
Guard this area!
Sigmund hits your white imp with a +0 scythe!
Sigmund casts a spell at you. The puff of flame hits your white imp!!
Your white imp is burned terribly!
Your white imp dies!
Casting: Call Imp (safe; 11% risk of failure)
Confirm with . or Enter, or press ? or * to list all spells.
Aiming: Magic Dart (safe; 7% risk of failure)
Press: ? - help, Shift-Dir - straight line, f - Sigmund
Aim: Sigmund, wielding a +0 scythe and wearing a +0 robe (heavily wounded, 100% to hit)
The magic dart hits Sigmund.
Sigmund is heavily wounded.
Casting: Magic Dart (safe; 7% risk of failure)
Confirm with . or Enter, or press ? or * to list all spells.
Aiming: Magic Dart (safe; 7% risk of failure)
Press: ? - help, Shift-Dir - straight line, f/p - Sigmund
Aim: Sigmund, wielding a +0 scythe and wearing a +0 robe (heavily wounded, 100% to hit)
The magic dart hits Sigmund but does no damage.
Sigmund is heavily wounded.
Sigmund mumbles some strange words.
Sigmund flickers and vanishes!
Deactivating autopickup; reactivate with Ctrl-A.
It was a potion of mutation.
You feel extremely strange.
You feel less in control of your magic.
You feel clumsy.
You feel genetically stable.
Throw: 9 darts (poison)
Press: ? - help, Shift-Dir - straight line You throw a poisoned dart.
A magic dart appears from out of thin air!
The magic dart hits you!
A magic dart appears from out of thin air!
The magic dart hits you!
You die...

..# #.#
##5@...# ..##
#.# #####.# .##
#.# # #.# #.#
### #.# ....
##.# ##..#
#(.########...#
#?..{.....@.#
#############


There were no monsters in sight!

Vanquished Creatures
  4 ball pythons
  7 bats
  2 endoplasms
  2 giant cockroaches
  3 goblins
  3 hobgoblins
  3 jackals (D:1)
  2 kobolds (D:1)
  A frilled lizard (D:1)
  2 rats
29 creatures vanquished.

Vanquished Creatures (collateral kills)
  An adder (D:2)
  2 kobolds (D:2)
3 creatures vanquished.

Grand Total: 32 creatures vanquished

Notes
Turn   | Place    | Note
-------+----------+-------------------------------------------
     0 | D:1      | Conn the Deep Elf Hedge Wizard began the quest for the Orb.
     0 | D:1      | Reached XP level 1. HP: 10/10 MP: 7/7
   140 | D:1      | Reached skill level 5 in Spellcasting
   193 | D:1      | Reached XP level 2. HP: 15/15 MP: 3/10
   196 | D:1      | Learned a level 2 spell: Blink
   199 | D:1      | Learned a level 2 spell: Call Imp
   202 | D:1      | Learned a level 2 spell: Slow
   890 | D:2      | Noticed Robin
   892 | D:2      | Reached XP level 3. HP: 19/19 MP: 12/12
   906 | D:1      | Learned a level 3 spell: Conjure Flame
   910 | D:1      | Learned a level 3 spell: Mephitic Cloud
   941 | D:2      | Noticed Sigmund
  1521 | D:2      | Gained mutation: Your spells are a little harder to cast,
                  | but a little more powerful. [potion of mutation]
  1521 | D:2      | Gained mutation: You are clumsy. (Dex -2) [potion of
                  | mutation]
  1521 | D:2      | Gained mutation: You are somewhat resistant to further
                  | mutation. [potion of mutation]
  1528 | D:2      | Killed from afar by Sigmund

Illustrated notes

Levels and vault maps discovered:
D:1:      dpeg_arrival_tiny_a, layout_rooms, minmay_splitting_lines,
          bh_walls_and_bars
D:2:      layout_rooms, minmay_split_cup_large, uniq_sigmund, uniq_robin

Skill      XL: |  1 |
---------------+----+-----
Spellcasting   | 5 |  5.7
Dodging        | |  2.6
Stealth        | |  2.7
Conjurations   | |  1.1
Summonings     | |  1.1
Translocations | |  1.3
Air Magic      | |  0.4

Action                   || total
-------------------------++-------
Melee: Dagger            ||    14
       Whip              ||     3
Throw: Dart              ||     1
 Cast: Magic Dart        ||    60
       Call Imp          ||    12
  Use: Potion            ||     1
 Stab: Sleeping          ||     2
Armor: Robe              ||    16
Dodge: Dodged            ||    47

Table legend: (Time is in decaauts)
 A = Elapsed time spent in this place.
 B = Non-inter-level travel time spent in this place.
 C = Inter-level travel time spent in this place.
 D = Time resting spent in this place.
 E = Time spent auto-exploring this place.
 F = Levels seen in this place.
 G = Mean time per level.
                   A        B        C        D        E       F      G
               +--------+--------+--------+--------+--------+-----+--------+
         Total |   1529 |   1483 |     46 |    206 |    698 |   2 |  764.5 |
       Dungeon |   1529 |   1483 |     46 |    206 |    698 |   2 |  764.5 |
               +--------+--------+--------+--------+--------+-----+--------+

Top non-repeatable levels by time:
     D:1: 1059 daAuts
     D:2: 469 daAuts
